AoeStats
← Prometheus

Lombardia

509951816Analyzed
2v2 RM · 4d ago on Sep 28, 2026· 63m 32s· 4 players
Game mode
Random Map
Map size
Medium (4 player)
Population
200
Speed
Normal
Resources
Standard
Victory
Conquest
Starting age
Dark Age
Ending age
Imperial Age
RankedLock teamsTeams togetherTeam positionsShared explorationLock speedFull tech treeHidden civsTurbo modeCheats
Victory
Defeat
🇬🇧 Byzantines · United Kingdom
1019
+16
🇬🇧 Turks · United Kingdom
997
+16
🇦🇷 Saracens · Argentina
1018
-16
🇦🇷 Byzantines · Argentina
1017
-16
Prometheus
11:20 Feudal Age
12:00 Double-Bit Axe
15:48 Loom
18:31 Castle Age
17:30 Scale Barding Armor
17:35 Horse Collar
19:23 Bow Saw
25:17 Wheelbarrow
25:49 Bloodlines
27:56 Heavy Plow
27:44 Town Watch
28:27 Forging
29:46 Chain Barding Armor
29:28 Padded Archer Armor
29:20 Fletching
29:39 Gold Mining
29:41 Stone Mining
31:30 Hand Cart
31:38 Town Patrol
35:42 Imperial Age
34:47 Gold Shaft Mining
34:20 Bodkin Arrow
34:26 Padded Archer Armor
34:42 Husbandry
36:50 Leather Archer Armor
37:12 Iron Casting
37:04 Conscription
38:14 Two-Man Saw
39:09 Heavy Camel Rider
42:56 Artillery
45:08 Ring Archer Armor
45:30 Plate Barding Armor
48:43 Blast Furnace
47:44 Bracer
53:37 Caravan
Loxias
6:56 Loom
11:07 Feudal Age
15:18 Forging
23:36 Castle Age
24:31 Double-Bit Axe
25:15 Gold Mining
25:16 Stone Mining
25:10 Horse Collar
26:08 Iron Casting
25:39 Scale Barding Armor
25:42 Husbandry
25:30 Pikeman
28:15 Chain Barding Armor
30:47 Gold Shaft Mining
31:26 Squires
31:53 Elite Skirmisher
32:28 Fletching
32:40 Padded Archer Armor
37:52 Imperial Age
36:14 Thumb Ring
41:40 Bow Saw
42:15 Logistica
41:34 Elite Cataphract
43:13 Wheelbarrow
45:19 Ballistics
46:01 Chemistry
45:00 Bodkin Arrow
45:21 Leather Archer Armor
45:42 Plate Barding Armor
49:32 Stone Shaft Mining
49:00 Bracer
59:19 Hand Cart
62:43 Caravan
Tobianot
2:14 Loom
10:58 Feudal Age
9:38 Loom
11:31 Horse Collar
11:38 Double-Bit Axe
19:28 Castle Age
18:24 Scale Barding Armor
18:10 Fletching
21:21 Bow Saw
24:32 Heavy Plow
26:26 Wheelbarrow
27:04 Bloodlines
28:39 Hand Cart
28:14 Town Watch
31:04 Bodkin Arrow
32:44 Gold Mining
34:07 Caravan
34:33 Ballistics
38:46 Imperial Age
36:44 Padded Archer Armor
37:04 Chain Barding Armor
37:44 Forging
39:24 Elite Mameluke
41:29 Chemistry
41:41 Bracer
42:59 Conscription
44:12 Leather Archer Armor
44:33 Plate Barding Armor
47:11 Iron Casting
47:52 Heavy Camel Rider
48:33 Husbandry
51:18 Gold Shaft Mining
50:40 Light Cavalry
52:30 Siege Engineers
53:31 Hussar
58:13 Blast Furnace
60:00 Pikeman
60:25 Gambesons
60:41 Squires
Larichi
11:39 Feudal Age
9:58 Loom
15:44 Castle Age
14:23 Double-Bit Axe
14:54 Forging
15:47 Gold Mining
18:53 Wheelbarrow
22:04 Husbandry
23:17 Horse Collar
25:09 Stone Mining
32:35 Imperial Age
30:29 Scale Barding Armor
31:00 Iron Casting
30:16 Fletching
31:17 Gold Mining
32:05 Stone Shaft Mining
31:44 Elite Skirmisher
31:48 Crossbowman
32:04 Crossbowman
32:49 Thumb Ring
33:32 Bow Saw
35:55 Two-Man Saw
37:30 Bodkin Arrow
37:18 Elite Skirmisher
38:08 Pikeman
40:36 Padded Archer Armor
40:58 Chain Barding Armor
40:42 Heavy Camel Rider
42:29 Light Cavalry
44:00 Plate Barding Armor
45:16 Gold Shaft Mining
44:22 Hussar
48:40 Heavy Plow
53:03 Halberdier
53:43 Squires
55:58 Scale Mail Armor
64:14 Hand Cart
Connection lost

Rejoining the realm…

Still unreachable

The connection could not be restored.

Session expired

The server has moved on; the page needs a fresh start.